 Dungeon Crawl Stone Soup version 0.26-a0-252-gb32a1a6195 (webtiles) character file.

Game seed: 976007564695532912

479 Gargoyl the Agent of Entropy (level 6, -3/52 HPs)
             Began as a Centaur Abyssal Knight on July 9, 2020.
             Was a Priest of Lugonu.
             Slain by an orc
             ... wielding a +0 hand axe
              (8 damage)
             ... on level 5 of the Dungeon.
             The game lasted 00:06:39 (5992 turns).

Gargoyl the Agent of Entropy (CeAK)                 Turns: 5992, Time: 00:06:40

Health: -3/52      AC:  8    Str: 15    XL:     6   Next: 86%
Magic:  8/8        EV:  9    Int: 11    God:    Lugonu [***...]
Gold:   380        SH:  0    Dex: 10    Spells: 5/5 levels left

rFire    . . .     SeeInvis +   r - +0 battleaxe (freeze)
rCold    . . .     Faith    .   (shield currently unavailable)
rNeg     . . .     Spirit   .   h - +0 ring mail
rPois    .         Reflect  .   (no helmet)
rElec    .         Harm     .   j - +0 cloak
rCorr    .                      k - +0 pair of gloves
MR       .....                  (no barding)
Stlth    ..........             (no amulet)
HPRegen  0.17/turn              m - ring of see invisible
MPRegen  0.11/turn              (no ring)

@: very quick
A: large, hooves 3, deformed body, speed 2, tough skin 3
a: Depart the Abyss, Bend Space, Banish, Renounce Religion


You were on level 5 of the Dungeon.
You worshipped Lugonu.
Lugonu was most pleased with you.
You were not hungry.

You visited 1 branch of the dungeon, and saw 5 of its levels.
You visited the Abyss 1 time.

You collected 380 gold pieces.

Inventory:

Hand Weapons
 a - a +2 hand axe
 r - a +0 battleaxe of freezing (weapon)
 u - a +0 war axe
Missiles
 g - 7 silver boomerangs (quivered)
Armour
 h - a +0 ring mail (worn)
 j - a +0 cloak (worn)
 k - a +0 pair of gloves (worn)
Jewellery
 m - a ring of see invisible (left hand)
Wands
 s - a wand of acid (6)
 v - a wand of flame (17)
Scrolls
 b - 3 scrolls of teleportation
 e - a scroll of magic mapping
 i - 5 scrolls of remove curse
 o - a scroll of fear
 p - a scroll of identify
Potions
 d - 3 potions of heal wounds
 f - a potion of lignification
 n - 2 potions of haste
 q - a potion of curing
 t - a potion of flight {unknown}
Comestibles
 c - 12 rations


   Skills:
 + Level 3.7 Fighting
 + Level 3.5 Axes
 * Level 3.3 Armour
 * Level 2.0 Dodging
 * Level 3.8 Invocations


You had 5 spell levels left.
You didn't know any spells.
Your spell library was empty.

Dungeon Overview and Level Annotations

Branches:
Dungeon (5/15)
 Temple: D:4-7

Altars:
Cheibriados
Fedhas
Makhleb
Nemelex Xobeh
Okawaru


Innate Abilities, Weirdness & Mutations

You have hooves in place of feet.
Armour fits poorly on your strangely shaped body.
You cover ground very quickly.
You have extremely tough skin. (AC +3)


Message History

You hit the orc priest but do no damage.
You hit the orc but do no damage. The orc hits you but does no damage.
The orc priest barely misses you.
You hit the orc priest. You freeze the orc priest.
The orc priest is heavily wounded.
You closely miss the orc. The orc hits you with a +0 hand axe.
* * * LOW HITPOINT WARNING * * *
The orc priest hits you but does no damage.
The orc misses you.
You barely miss the orc priest.
The orc priest is heavily wounded.
You closely miss the orc. The orc priest hits you with a +0 club.
* * * LOW HITPOINT WARNING * * *
The orc hits you with a +0 hand axe!
* * * LOW HITPOINT WARNING * * *
The orc priest barely misses you.
Your ring mail prevents you from hitting the orc priest.
The orc priest is heavily wounded.
You barely miss the orc. The orc hits you with a +0 hand axe!
You die...

# ##...## #.....#####
..##.....# ##.###....#.
.........####.## ###....
...........##..## ##...
................#### #...
....###....####....###...
##...###.### #..#.......
##......## #..####....
#.....o@.# ##.# #.<..
......o).# #.# #....
.......##.# #.# ##...
......# #.# #.. ####
...... #.# #.. .....(
...... .[##.. .#. .. #. #


You could see an orc priest and an orc.

Vanquished Creatures
  A quasit (D:5)
  3 orc priests
  2 orc wizards (D:3)
  2 iguanas
  3 worker ants
  A hound skeleton (D:5)
  3 adders
  A shadow imp (D:5)
  An ooze (D:4)
  An adder zombie (D:5)
  An adder skeleton (D:5)
  3 worms (D:3)
  5 dart slugs
  2 leopard geckos
  7 orcs
  7 bats
  4 giant cockroaches
  13 goblins
  16 hobgoblins
  4 jackals (D:2)
  8 kobolds
  3 quokkas
  A ball python (D:1)
  4 frilled lizards
  6 rats
102 creatures vanquished.

Notes
Turn   | Place    | Note
-------+----------+-------------------------------------------
     0 | Abyss:1  | Gargoyl the Centaur Abyssal Knight began the quest for the
                  | Orb.
     0 | Abyss:1  | Reached XP level 1. HP: 19/19 MP: 2/2
    76 | Abyss:2  | Noticed a small abomination
    85 | Abyss:2  | Noticed an apocalypse crab
    87 | Abyss:2  | Noticed a starcursed mass
    87 | Abyss:2  | Noticed a worldbinder
    88 | D:1      | Escaped the Abyss
   579 | D:1      | Reached XP level 2. HP: 26/26 MP: 3/3
   863 | D:1      | Reached * piety under Lugonu
   939 | D:1      | Reached skill level 1 in Dodging
  1039 | D:1      | Reached XP level 3. HP: 30/31 MP: 4/4
  1796 | D:2      | Found a snail-covered altar of Cheibriados.
  1910 | D:2      | Reached ** piety under Lugonu
  1916 | D:2      | Reached XP level 4. HP: 19/38 MP: 5/5
  2814 | D:3      | Found a blossoming altar of Fedhas.
  3306 | D:3      | Found a sparkling altar of Nemelex Xobeh.
  3556 | D:3      | Reached XP level 5. HP: 45/45 MP: 5/7
  4636 | D:4      | Reached XP level 6. HP: 51/51 MP: 8/8
  4824 | D:4      | Found an iron altar of Okawaru.
  5061 | D:5      | Entered Level 5 of the Dungeon
  5069 | D:5      | Found a burning altar of Makhleb.
  5830 | D:5      | Reached *** piety under Lugonu
  5992 | D:5      | Slain by an orc

Illustrated notes

Levels and vault maps discovered:
D:1:      tarquinn_simple_flora_water_d, layout_basic, st_stairs_5,
          minmay_tree_intersection, minmay_small_reverse_x
D:2:      layout_loops_ring, kennysheep_slug_shrine, first_ration, minivault_27
D:3:      layout_rooms, marbit_many_paths, fedhas_altar_4, nrook_mini_backslash
D:4:      layout_basic, okawaru_metal_pillars_1_2
D:5:      layout_layer_cave, bloody_makhleb, kennysheep_little_box,
          kennysheep_cross_bottleneck

Skill      XL: |  1  2  3  4  5  6 |
---------------+-------------------+-----
Axes           | 2 3 |  3.5
Dodging        | 1 2 |  2.0
Armour         | 2 3 |  3.3
Invocations    | 3 |  3.8
Fighting       | |  3.7

Action                   |  1- 3 |  4- 6 || total
-------------------------+-------+-------++-------
Melee: Hand axe          |   110 |   104 ||   214
       Kick              |    27 |    38 ||    65
       Battleaxe         |       |    74 ||    74
Throw: Boomerang         |       |     1 ||     1
Invok: Depart the Abyss  |     1 |       ||     1
  Use: Scroll            |     4 |     9 ||    13
  Eat: Ration            |     1 |     3 ||     4
Armor: Leather armour    |    29 |       ||    29
       Ring mail         |    13 |   112 ||   125
Dodge: Dodged            |    61 |   108 ||   169

Table legend:
 A = Non-vault XP
 B = Vault XP
 C = Vault XP percentage of total XP
 D = Non-vault monster count
 E = Vault monster count
 F = Vault count percentage of total count
                 A         B        C        D         E       F
            +---------+---------+-------+---------+---------+-------
      Total |     665 |      20 |   2.9 |      94 |       8 |   7.8
            +---------+---------+-------+---------+---------+-------
        D:1 |      49 |      11 |  18.3 |      25 |       6 |  19.4
        D:2 |      61 |       4 |   6.2 |      25 |       1 |   3.8
        D:3 |     190 |       5 |   2.6 |      25 |       1 |   3.8
        D:4 |     111 |       0 |   0.0 |       6 |       0 |   0.0
        D:5 |     254 |       0 |   0.0 |      13 |       0 |   0.0
            +---------+---------+-------+---------+---------+-------
